Knights vs Sewer Rats
Created - January 15, 2020 at 19:33
Goals
|
Knights |
2 |
0 |
4 |
6 |
Sewer Rats |
1 |
0 |
3 |
4 |
|
Shots
|
Knights |
8 |
2 |
11 |
21 |
Sewer Rats |
16 |
8 |
14 |
38 |
|
1st period
1. Knights , Jonathan Huberdeau 7 (Josh Bailey 20, Boone Jenner 25) at 2:54
2. Sewer Rats , Tomas Tatar 20 (Vincent Trocheck 45) at 6:42
3. Knights , Linden Vey 18 (Miro Aaltonen 18) at 12:05
Penalties :
No Penalty
2nd period
No Goal
Penalties :
Daniel Carr (Tol) for Slashing (Minor) at 4:10
3rd period
4. Sewer Rats , Dmitrij Jaskin 14 (Stefan Elliott 20, Joel Edmundson 18) at 4:11
5. Knights , Nicolas Petan 2 (Jaccob Slavin 18, Nathan Walker 7) at 6:58
6. Knights , Josh Bailey 24 (Jonathan Huberdeau 9, Boone Jenner 26) at 8:03 (PP)
7. Sewer Rats , Daniel Carr 17 (Jonathan Marchessault 24, Jarred Tinordi 18) at 10:02
8. Knights , Nathan Walker 5 (Nikolay Goldobin 3) at 11:13
9. Sewer Rats , Nick Cousins 13 (Stefan Elliott 21, Joel Edmundson 19) at 13:49
10. Knights , Boone Jenner 10 (Jonathan Huberdeau 10, Josh Bailey 21) at 17:29
Penalties :
Martin Frk (Tol) for Holding (Minor) at 7:52, Vincent Trocheck (Tol) for Holding (Minor) at 11:16, Jonathan Huberdeau (Lon) for Hooking (Minor) at 13:52, Jonathan Marchessault (Tol) for Elbowing (Minor) at 18:02
Goalie Stats
Elvis Merzlikins (Lon), 34 saves from 38 shots - (0.895), W, 3-1-0, 60:00 minutes
Darcy Kuemper (Tol), 11 saves from 15 shots - (0.733), 48:03 minutes
Marek Mazanek (Tol), 4 saves from 6 shots - (0.667), L, 19-5-2, 11:57 minutes
Players Stats for Knights
Player Name G A P +/- PIM S H SB GA TA FO MP PP MP PK MP
------------------------------------------------------------------------------------
Boone Jenner 1 2 3 0 0 2 1 0 0 0 10/23 21:20 2:16 0:41
Brendan Gaunce 0 0 0 -1 0 3 1 0 0 0 2/4 12:50 0:59 0:19
Collin Miller 0 0 0 0 0 0 3 0 2 1 0/0 17:13 3:07 0:47
Jaccob Slavin 0 1 1 1 0 0 1 0 1 2 0/0 25:57 2:17 0:47
Jonathan Huberdeau 1 2 3 0 2 4 2 0 0 0 2/5 20:43 2:16 0:00
Jordan Martinook 0 0 0 -1 0 0 2 1 0 0 0/0 13:05 0:48 0:59
Josh Bailey 1 2 3 0 0 3 2 1 0 0 0/0 21:01 2:16 0:19
Josh Morrissey 0 0 0 0 0 0 2 1 0 0 0/0 15:27 0:42 0:00
Linden Vey 1 0 1 1 0 2 3 0 1 1 0/0 14:49 2:55 0:00
Ludwig Bystrom 0 0 0 -1 0 2 0 1 0 0 0/0 14:07 0:42 0:00
Michael Matheson 0 0 0 1 0 1 0 1 0 0 0/0 18:27 3:07 1:12
Miro Aaltonen 0 1 1 1 0 0 2 0 0 1 6/9 15:33 2:40 0:59
Nathan Walker 1 1 2 1 0 2 2 1 2 0 0/0 10:04 0:11 0:00
Nicolas Petan 1 0 1 1 0 1 0 0 0 0 3/4 10:07 0:11 0:00
Nikolaj Ehlers 0 0 0 1 0 0 0 0 0 0 0/0 15:26 2:51 0:41
Nikolay Goldobin 0 1 1 1 0 1 2 0 0 0 0/0 10:01 0:07 0:00
Tomas Kundratek 0 0 0 1 0 0 2 4 1 0 0/0 27:00 2:17 1:12
Vince Hinostroza 0 0 0 -1 0 0 2 0 0 0 0/0 12:06 0:48 0:00
Players Stats for Sewer Rats
Player Name G A P +/- PIM S H SB GA TA FO MP PP MP PK MP
------------------------------------------------------------------------------------
Connor Carrick 0 0 0 0 0 0 0 0 0 1 0/0 11:43 0:00 0:43
Daniel Carr 1 0 1 1 2 8 1 0 0 0 0/0 15:22 0:54 1:06
Dmitrij Jaskin 1 0 1 -2 0 2 1 0 0 1 1/1 10:37 0:00 1:56
Erik Condra 0 0 0 1 0 2 2 0 0 0 0/0 15:11 0:54 1:38
Jared McCann 0 0 0 -2 0 1 1 0 0 0 1/1 8:51 0:00 0:00
Jarred Tinordi 0 1 1 0 0 3 3 1 0 2 0/0 27:36 1:05 2:26
Joel Edmundson 0 2 2 -1 0 1 1 2 0 0 0/0 19:48 0:54 2:57
John Ramage 0 0 0 0 0 0 1 0 0 0 0/0 11:10 0:00 0:37
Jonathan Marchessault 0 1 1 1 2 1 1 0 1 1 6/11 14:04 0:54 0:17
Joseph Blandisi 0 0 0 1 0 0 1 0 0 0 0/0 12:55 0:00 0:47
Mark Mancari 0 0 0 -1 0 7 3 0 1 0 3/4 21:26 1:05 2:13
Martin Frk 0 0 0 1 2 1 1 1 0 1 0/0 12:20 0:00 0:00
Michael Dal Colle 0 0 0 -2 0 1 0 0 0 0 1/2 8:52 0:00 0:16
Nick Cousins 1 0 1 1 0 1 1 0 0 0 0/3 13:18 0:00 1:15
Stefan Elliott 0 2 2 -1 0 1 0 0 0 0 0/0 19:25 0:54 2:57
Steven Kampfer 0 0 0 0 0 2 1 0 2 0 0/0 23:24 1:05 2:32
Tomas Tatar 1 0 1 -1 0 5 2 2 0 0 0/1 21:02 1:05 2:09
Vincent Trocheck 0 1 1 -1 2 2 2 0 1 1 10/22 19:46 1:05 0:35
Xavier Ouellet 0 0 0 0 0 0 0 0 0 0 0/0 7:00 0:00 0:00
3 Stars
1 - Josh Bailey (Lon)
2 - Boone Jenner (Lon)
3 - Nathan Walker (Lon)
Power Play
Knights - 1 on 4 Attempt(s) - 25.00%
Sewer Rats - 0 on 1 Attempt(s) - 0.00%
Penalty Kill
Knights - 1 on 1 Attempt(s) - 100.00%
- Score 0 goal in Penalty Kill
Sewer Rats - 3 on 4 Attempt(s) - 75.00%
- Score 0 goal in Penalty Kill
Team Stat
Knights - Hits : 27 - Faceoff Wins : 23 - Blocked Shots : 10 - Penalty Minutes : 2
Sewer Rats - Hits : 22 - Faceoff Wins : 22 - Blocked Shots : 6 - Penalty Minutes : 8
Official
Referees : Unknown
Linesman : Unknown
Game Notes
6:58 of 3rd period - Knights goal is going for a video replay. After video review, Goal.
Marek Mazanek enters game at 8:03 of 3rd period
Finance
Level 1 -- Attendance: 1613 (80.65%) -- Ticket Income $56,455
Level 2 -- Attendance: 1000 (100.00%) -- Ticket Income $17,000
Total Attendance: 2613 (87.10%)
Total Ticket Income: $73,455
Other Income: $3,673
Total Income: $77,128
Knights
5 vs 5 Forward
Center Left Wing Right Wing Time % Phy DF OF
1 Boone Jenner Jonathan Huberdeau Josh Bailey 40 1 2 2
2 Miro Aaltonen Nikolaj Ehlers Linden Vey 30 1 2 2
3 Brendan Gaunce Jordan Martinook Vince Hinostroza 20 1 2 2
4 Nicolas Petan Nathan Walker Nikolay Goldobin 10 1 2 2
5 vs 5 Defense
Defense Defense Time % Phy DF OF
1 Jaccob Slavin Tomas Kundratek 40 1 2 2
2 Michael Matheson Josh Morrissey 30 1 2 2
3 Collin Miller Ludwig Bystrom 20 1 2 2
4 Jaccob Slavin Tomas Kundratek 10 1 2 2
PowerPlay Forward
Center Left Wing Right Wing Time % Phy DF OF
1 Boone Jenner Jonathan Huberdeau Josh Bailey 60 1 1 3
2 Miro Aaltonen Nikolaj Ehlers Linden Vey 40 1 1 3
PowerPlay Defense
Defense Defense Time % Phy DF OF
1 Jaccob Slavin Tomas Kundratek 60 0 1 4
2 Michael Matheson Collin Miller 40 0 1 4
Penalty Kill 4 Players Forward
Center Wing Time % Phy DF OF
1 Miro Aaltonen Jordan Martinook 60 1 3 1
2 Brendan Gaunce Josh Bailey 40 1 3 1
Penalty Kill 4 Players Defense
Defense Defense Time % Phy DF OF
1 Michael Matheson Tomas Kundratek 60 1 3 1
2 Jaccob Slavin Collin Miller 40 1 3 1
Penalty Kill - 3 Players Forward
Forward Time % Phy DF OF
1 Jordan Martinook 60 0 4 1
2 Josh Bailey 40 0 4 1
Penalty Kill - 3 Players Defense
Defense Defense Time % Phy DF OF
1 Tomas Kundratek Jaccob Slavin 60 1 3 1
2 Michael Matheson Collin Miller 40 1 3 1
4 vs 4 Forward
Center Wing Time % Phy DF OF
1 Miro Aaltonen Josh Bailey 60 1 2 2
2 Brendan Gaunce Linden Vey 40 1 2 2
4 vs 4 Defense
Defense Defense Time % Phy DF OF
1 Tomas Kundratek Jaccob Slavin 60 1 2 2
2 Michael Matheson Collin Miller 40 1 2 2
Last Minutes Offensive
Center Left Wing Right Wing Defense Defense
Miro Aaltonen Jonathan Huberdeau Linden Vey Jaccob Slavin Tomas Kundratek
Last Minutes Defensive
Center Left Wing Right Wing Defense Defense
Miro Aaltonen Jordan Martinook Josh Bailey Tomas Kundratek Jaccob Slavin
Goaltenders
Starting : Elvis Merzlikins
Backup : Magnus Hellberg
Extra Forwards
Normal : Jordan Martinook, Linden Vey, Miro Aaltonen - PP : Linden Vey, Miro Aaltonen - PK : Miro Aaltonen
Extra Defensemen
Normal : Tomas Kundratek, Michael Matheson, Collin Miller - PP : Michael Matheson - PK : Tomas Kundratek, Michael Matheson
Penalty Shots
Miro Aaltonen, Jordan Martinook, Brendan Gaunce, Nathan Walker, Linden Vey
Scratches
Zach Nastasiuk (Healthy), Nicklas Jensen (Healthy), Alan Quine (Healthy), David Shields (Healthy), Matthew Benning (Healthy)
Trevor Moore (Healthy), Scott Wilson (Healthy), Curtis Valk (Healthy), Anthony Louis (Healthy), Travis Boyd (Healthy)
Fredrik Claesson (Healthy), Mackenzie MacEachern (Healthy), Anton Blidh (Healthy), Valentin Zykov (Healthy), Jayce Hawryluk (Healthy)
A.J. Jenks (Healthy), Ryan Collins (Healthy), William Lagesson (Healthy), Eamon McAdam (Healthy), Philippe Desrosiers (Healthy)
Ville Husso (Healthy)
Sewer Rats
5 vs 5 Forward
Center Left Wing Right Wing Time % Phy DF OF
1 Vincent Trocheck Tomas Tatar Mark Mancari 40 1 2 2
2 Jonathan Marchessault Daniel Carr Erik Condra 30 1 2 2
3 Nick Cousins Joseph Blandisi Martin Frk 20 1 2 2
4 Jared McCann Michael Dal Colle Dmitrij Jaskin 10 1 2 2
5 vs 5 Defense
Defense Defense Time % Phy DF OF
1 Jarred Tinordi Steven Kampfer 40 1 2 2
2 Stefan Elliott Joel Edmundson 30 1 2 2
3 John Ramage Connor Carrick 20 1 2 2
4 Xavier Ouellet Jarred Tinordi 10 1 2 2
PowerPlay Forward
Center Left Wing Right Wing Time % Phy DF OF
1 Vincent Trocheck Tomas Tatar Mark Mancari 60 1 2 2
2 Jonathan Marchessault Daniel Carr Erik Condra 40 1 2 2
PowerPlay Defense
Defense Defense Time % Phy DF OF
1 Jarred Tinordi Steven Kampfer 60 1 2 2
2 Stefan Elliott Joel Edmundson 40 1 2 2
Penalty Kill 4 Players Forward
Center Wing Time % Phy DF OF
1 Mark Mancari Tomas Tatar 60 1 2 2
2 Vincent Trocheck Erik Condra 40 1 2 2
Penalty Kill 4 Players Defense
Defense Defense Time % Phy DF OF
1 Jarred Tinordi Steven Kampfer 60 1 2 2
2 Stefan Elliott Joel Edmundson 40 1 2 2
Penalty Kill - 3 Players Forward
Forward Time % Phy DF OF
1 Mark Mancari 60 1 2 2
2 Tomas Tatar 40 1 2 2
Penalty Kill - 3 Players Defense
Defense Defense Time % Phy DF OF
1 Jarred Tinordi Steven Kampfer 60 1 2 2
2 Stefan Elliott Joel Edmundson 40 1 2 2
4 vs 4 Forward
Center Wing Time % Phy DF OF
1 Mark Mancari Tomas Tatar 60 1 2 2
2 Vincent Trocheck Erik Condra 40 1 2 2
4 vs 4 Defense
Defense Defense Time % Phy DF OF
1 Jarred Tinordi Steven Kampfer 60 1 2 2
2 Stefan Elliott Joel Edmundson 40 1 2 2
Last Minutes Offensive
Center Left Wing Right Wing Defense Defense
Vincent Trocheck Tomas Tatar Mark Mancari Jarred Tinordi Steven Kampfer
Last Minutes Defensive
Center Left Wing Right Wing Defense Defense
Vincent Trocheck Tomas Tatar Mark Mancari Jarred Tinordi Steven Kampfer
Goaltenders
Starting : Darcy Kuemper
Backup : Marek Mazanek
Extra Forwards
Normal : Martin Frk, Nick Cousins, Dmitrij Jaskin - PP : Martin Frk, Nick Cousins - PK : Dmitrij Jaskin
Extra Defensemen
Normal : John Ramage, Connor Carrick, Xavier Ouellet - PP : John Ramage - PK : Connor Carrick, Xavier Ouellet
Penalty Shots
Mark Mancari, Tomas Tatar, Vincent Trocheck, Erik Condra, Daniel Carr
Scratches
Dominik Kubalik (Healthy), Ryan Murphy (Bruised Right Shoulder Injury), Josh Archibald (Healthy), Jonathan Racine (Healthy), Tyler Motte (Healthy)
Chris Calhan (Healthy), Anthony Duclair (Healthy), Mark Friedman (Healthy), Matteson Iacopelli (Healthy), Sergei Kostenko (Healthy)
Antoine Bibeau (Healthy)
% Time on Ice - Knights
Lines # - Real PCT - Wanted PCT - Time Play
Normal Forward
1 - 35% - 40% - 18:24
2 - 25% - 30% - 13:02
3 - 21% - 20% - 11:00
4 - 18% - 10% - 9:29
Normal Defense
1 - 37% - 40% - 19:14
2 - 31% - 30% - 16:10
3 - 23% - 20% - 12:05
4 - 9% - 10% - 4:26
PP Forward
1 - 38% - 60% - 2:18
2 - 62% - 40% - 3:48
PP Defense
1 - 37% - 60% - 2:17
2 - 63% - 40% - 3:49
PK Forward
1 - 84% - 60% - 1:40
2 - 16% - 40% - 0:19
PK Defense
1 - 61% - 60% - 1:12
2 - 39% - 40% - 0:47
PK3 Forward
1 - 0% - 60%
2 - 0% - 40%
PK3 Defense
1 - 0% - 60%
2 - 0% - 40%
44 Forward
1 - 0% - 60%
2 - 0% - 40%
44 Defense
1 - 0% - 60%
2 - 0% - 40%
Last Minute Offensive - 0:00
Last Minute Defensive - 0:00
Total
Forward - 60:00
Defense - 60:00
|
% Time on Ice - Sewer Rats
Lines # - Real PCT - Wanted PCT - Time Play
Normal Forward
1 - 35% - 40% - 18:07
2 - 25% - 30% - 12:59
3 - 23% - 20% - 11:58
4 - 17% - 10% - 8:51
Normal Defense
1 - 37% - 40% - 19:25
2 - 30% - 30% - 15:50
3 - 19% - 20% - 9:58
4 - 13% - 10% - 6:42
PP Forward
1 - 55% - 60% - 1:05
2 - 45% - 40% - 0:54
PP Defense
1 - 55% - 60% - 1:05
2 - 45% - 40% - 0:54
PK Forward
1 - 63% - 60% - 3:51
2 - 37% - 40% - 2:15
PK Defense
1 - 42% - 60% - 2:32
2 - 58% - 40% - 3:34
PK3 Forward
1 - 0% - 60%
2 - 0% - 40%
PK3 Defense
1 - 0% - 60%
2 - 0% - 40%
44 Forward
1 - 0% - 60%
2 - 0% - 40%
44 Defense
1 - 0% - 60%
2 - 0% - 40%
Last Minute Offensive - 0:00
Last Minute Defensive - 0:00
Total
Forward - 60:00
Defense - 60:00
|
Play-by-Play
1st period
0:01 of 1st period - Vincent Trocheck wins face-off versus Boone Jenner in neutral zone.
0:26 of 1st period - Erik Condra is hit by Jaccob Slavin.
0:30 of 1st period - Snap shot by Daniel Carr.
0:30 of 1st period - Stopped by Elvis Merzlikins with a rebound.
0:32 of 1st period - Wrist shot by Jarred Tinordi.
0:32 of 1st period - Shot Misses the Net.
0:34 of 1st period - Slapshot by Jarred Tinordi.
0:34 of 1st period - Shot Misses the Net.
0:36 of 1st period - Snap shot by Daniel Carr.
0:36 of 1st period - Stopped by Elvis Merzlikins with a rebound.
0:48 of 1st period - Snap shot by Brendan Gaunce.
0:48 of 1st period - Stopped by Darcy Kuemper with a rebound.
0:50 of 1st period - Slapshot by Brendan Gaunce.
0:50 of 1st period - Shot Blocked by Joel Edmundson.
0:52 of 1st period - Snap shot by Jaccob Slavin.
0:52 of 1st period - Deflect By Jordan Martinook.
0:52 of 1st period - Shot Blocked by Martin Frk.
0:52 of 1st period - Puck is out of play.
0:53 of 1st period - Michael Dal Colle wins face-off versus Brendan Gaunce in Sewer Rats zone.
1:45 of 1st period - Stefan Elliott is hit by Josh Bailey and loses puck.
1:57 of 1st period - Off-side.
1:58 of 1st period - Miro Aaltonen wins face-off versus Nick Cousins in neutral zone.
2:15 of 1st period - Jarred Tinordi is hit by Tomas Kundratek and loses puck.
2:38 of 1st period - Wrist shot by Martin Frk.
2:38 of 1st period - Stopped by Elvis Merzlikins without a rebound.
2:39 of 1st period - Vincent Trocheck wins face-off versus Boone Jenner in Knights zone.
2:40 of 1st period - Wrist shot by Mark Mancari.
2:40 of 1st period - Stopped by Elvis Merzlikins with a rebound.
2:42 of 1st period - Snap shot by Tomas Tatar.
2:42 of 1st period - Shot Misses the Net.
2:44 of 1st period - Slapshot by Joel Edmundson.
2:44 of 1st period - Deflect By Vincent Trocheck.
2:44 of 1st period - Shot Blocked by Josh Morrissey.
2:44 of 1st period - Puck is out of play.
2:45 of 1st period - Vincent Trocheck wins face-off versus Boone Jenner in Knights zone.
2:46 of 1st period - Slapshot by Mark Mancari.
2:46 of 1st period - Stopped by Elvis Merzlikins without a rebound.
2:47 of 1st period - Boone Jenner wins face-off versus Vincent Trocheck in Knights zone.
2:54 of 1st period - Snap shot by Jonathan Huberdeau.
2:54 of 1st period - Goal by Jonathan Huberdeau - Knights : 1 - Sewer Rats : 0.
2:55 of 1st period - Vincent Trocheck wins face-off versus Boone Jenner in neutral zone.
4:27 of 1st period - Daniel Carr is hit by Josh Bailey and loses puck.
4:34 of 1st period - Jaccob Slavin is hit by Jonathan Marchessault and loses puck.
4:51 of 1st period - Brendan Gaunce is hit by Vincent Trocheck and loses puck.
5:06 of 1st period - Collin Miller is hit by John Ramage and loses puck.
5:11 of 1st period - Slapshot by Steven Kampfer.
5:11 of 1st period - Stopped by Elvis Merzlikins with a rebound.
5:13 of 1st period - Snap shot by Jarred Tinordi.
5:13 of 1st period - Shot Misses the Net.
5:15 of 1st period - Slapshot by Steven Kampfer.
5:15 of 1st period - Deflect By Michael Dal Colle.
5:15 of 1st period - Stopped by Elvis Merzlikins with a rebound.
5:17 of 1st period - Snap shot by Jarred Tinordi.
5:17 of 1st period - Stopped by Elvis Merzlikins with a rebound.
5:19 of 1st period - Slapshot by Stefan Elliott.
5:19 of 1st period - Shot Blocked by Ludwig Bystrom.
6:30 of 1st period - Wrist shot by Dmitrij Jaskin.
6:30 of 1st period - Shot Blocked by Tomas Kundratek.
6:32 of 1st period - Snap shot by John Ramage.
6:32 of 1st period - Shot Blocked by Tomas Kundratek.
6:34 of 1st period - Wrist shot by Jared McCann.
6:34 of 1st period - Shot Misses the Net.
6:38 of 1st period - Wrist shot by Dmitrij Jaskin.
6:38 of 1st period - Shot Misses the Net.
6:40 of 1st period - Wrist shot by Jared McCann.
6:40 of 1st period - Stopped by Elvis Merzlikins without a rebound.
6:41 of 1st period - Vincent Trocheck wins face-off versus Boone Jenner in Knights zone.
6:42 of 1st period - Backhand shot by Tomas Tatar.
6:42 of 1st period - Goal by Tomas Tatar - Knights : 1 - Sewer Rats : 1.
6:43 of 1st period - Boone Jenner wins face-off versus Vincent Trocheck in neutral zone.
6:50 of 1st period - Wrist shot by Josh Bailey.
6:50 of 1st period - Shot Blocked by Tomas Tatar.
6:54 of 1st period - Snap shot by Jonathan Huberdeau.
6:54 of 1st period - Stopped by Darcy Kuemper with a rebound.
6:56 of 1st period - Snap shot by Michael Matheson.
6:56 of 1st period - Deflect By Tomas Tatar.
6:56 of 1st period - Stopped by Darcy Kuemper without a rebound.
6:57 of 1st period - Jonathan Marchessault wins face-off versus Miro Aaltonen in Sewer Rats zone.
7:11 of 1st period - Wrist shot by Daniel Carr.
7:11 of 1st period - Shot Blocked by Michael Matheson.
8:06 of 1st period - Ludwig Bystrom is hit by Daniel Carr.
8:10 of 1st period - Snap shot by Nikolay Goldobin.
8:10 of 1st period - Shot Misses the Net.
8:12 of 1st period - Slapshot by Ludwig Bystrom.
8:12 of 1st period - Stopped by Darcy Kuemper with a rebound.
8:26 of 1st period - Steven Kampfer is hit by Linden Vey and loses puck.
8:47 of 1st period - Boone Jenner is hit by Jarred Tinordi and loses puck.
9:17 of 1st period - Joel Edmundson is hit by Collin Miller and loses puck.
9:35 of 1st period - Collin Miller is hit by Jarred Tinordi and loses puck.
10:01 of 1st period - Wrist shot by Nathan Walker.
10:01 of 1st period - Stopped by Darcy Kuemper with a rebound.
10:18 of 1st period - Slapshot by Nikolay Goldobin.
10:18 of 1st period - Stopped by Darcy Kuemper without a rebound.
10:19 of 1st period - Jonathan Marchessault wins face-off versus Jonathan Huberdeau in Sewer Rats zone.
10:54 of 1st period - Off-side.
10:55 of 1st period - Miro Aaltonen wins face-off versus Vincent Trocheck in neutral zone.
11:34 of 1st period - Snap shot by Daniel Carr.
11:34 of 1st period - Shot Misses the Net.
11:44 of 1st period - Michael Matheson is hit by Nick Cousins and loses puck.
12:05 of 1st period - Slapshot by Linden Vey.
12:05 of 1st period - Goal by Linden Vey - Knights : 2 - Sewer Rats : 1.
12:06 of 1st period - Boone Jenner wins face-off versus Vincent Trocheck in neutral zone.
12:11 of 1st period - Icing by Mark Mancari.
12:12 of 1st period - Vincent Trocheck wins face-off versus Boone Jenner in Sewer Rats zone.
12:17 of 1st period - Snap shot by Tomas Tatar.
12:17 of 1st period - Stopped by Elvis Merzlikins without a rebound.
12:18 of 1st period - Vincent Trocheck wins face-off versus Boone Jenner in Knights zone.
12:45 of 1st period - Steven Kampfer is hit by Miro Aaltonen.
13:02 of 1st period - Icing by Steven Kampfer.
13:03 of 1st period - Jonathan Marchessault wins face-off versus Brendan Gaunce in Sewer Rats zone.
13:08 of 1st period - Slapshot by Steven Kampfer.
13:08 of 1st period - Shot Blocked by Jordan Martinook.
13:10 of 1st period - Snap shot by Steven Kampfer.
13:10 of 1st period - Stopped by Elvis Merzlikins with a rebound.
13:12 of 1st period - Snap shot by Tomas Tatar.
13:12 of 1st period - Deflect By Tomas Kundratek.
13:12 of 1st period - Stopped by Elvis Merzlikins with a rebound.
13:14 of 1st period - Slapshot by Jarred Tinordi.
13:14 of 1st period - Deflect By Tomas Kundratek.
13:14 of 1st period - Stopped by Elvis Merzlikins with a rebound.
13:16 of 1st period - Backhand shot by Tomas Tatar.
13:16 of 1st period - Stopped by Elvis Merzlikins without a rebound.
13:17 of 1st period - Vincent Trocheck wins face-off versus Boone Jenner in Knights zone.
13:28 of 1st period - Snap shot by Vincent Trocheck.
13:28 of 1st period - Shot Misses the Net.
14:23 of 1st period - Jarred Tinordi is hit by Nathan Walker and loses puck.
14:39 of 1st period - Icing by Nicolas Petan.
14:40 of 1st period - Nicolas Petan wins face-off versus Vincent Trocheck in Knights zone.
14:40 of 1st period - Nicolas Petan is hit by Tomas Tatar.
15:06 of 1st period - Collin Miller is hit by Steven Kampfer and loses puck.
15:11 of 1st period - Slapshot by Daniel Carr.
15:11 of 1st period - Stopped by Elvis Merzlikins with a rebound.
15:45 of 1st period - Joel Edmundson is hit by Collin Miller and loses puck.
16:04 of 1st period - Ludwig Bystrom is hit by Mark Mancari and loses puck.
17:03 of 1st period - Nick Cousins is hit by Jordan Martinook and loses puck.
17:22 of 1st period - Jarred Tinordi is hit by Josh Morrissey and loses puck.
17:57 of 1st period - Slapshot by Vincent Trocheck.
17:57 of 1st period - Deflect By Tomas Tatar.
17:57 of 1st period - Shot Misses the Net.
17:57 of 1st period - Puck is out of play.
17:58 of 1st period - Boone Jenner wins face-off versus Vincent Trocheck in Knights zone.
18:25 of 1st period - Erik Condra is hit by Tomas Kundratek and loses puck.
18:52 of 1st period - Snap shot by Dmitrij Jaskin.
18:52 of 1st period - Shot Misses the Net.
19:02 of 1st period - Tomas Tatar is hit by Josh Morrissey and loses puck.
19:55 of 1st period - Mark Mancari is hit by Jordan Martinook and loses puck.
Goals for this period are 2 for Knights vs 1 for Sewer Rats.
Shots for this period are 8 for Knights vs 16 for Sewer Rats.
2nd period
0:01 of 2nd period - Vincent Trocheck wins face-off versus Boone Jenner in neutral zone.
0:08 of 2nd period - Snap shot by Mark Mancari.
0:08 of 2nd period - Stopped by Elvis Merzlikins without a rebound.
0:09 of 2nd period - Boone Jenner wins face-off versus Vincent Trocheck in Knights zone.
0:09 of 2nd period - Boone Jenner is hit by Mark Mancari.
0:45 of 2nd period - Wrist shot by Boone Jenner.
0:45 of 2nd period - Shot Misses the Net.
0:57 of 2nd period - Wrist shot by Mark Mancari.
0:57 of 2nd period - Stopped by Elvis Merzlikins with a rebound.
0:59 of 2nd period - Wrist shot by Mark Mancari.
0:59 of 2nd period - Shot Misses the Net.
1:01 of 2nd period - Snap shot by Jarred Tinordi.
1:01 of 2nd period - Shot Misses the Net.
1:03 of 2nd period - Wrist shot by Tomas Tatar.
1:03 of 2nd period - Shot Blocked by Josh Bailey.
1:05 of 2nd period - Snap shot by Mark Mancari.
1:05 of 2nd period - Stopped by Elvis Merzlikins with a rebound.
1:13 of 2nd period - Snap shot by Tomas Tatar.
1:13 of 2nd period - Stopped by Elvis Merzlikins with a rebound.
1:17 of 2nd period - Wrist shot by Mark Mancari.
1:17 of 2nd period - Shot Misses the Net.
1:19 of 2nd period - Wrist shot by Tomas Tatar.
1:19 of 2nd period - Shot Misses the Net.
1:21 of 2nd period - Snap shot by Mark Mancari.
1:21 of 2nd period - Stopped by Elvis Merzlikins with a rebound.
1:35 of 2nd period - Wrist shot by Josh Bailey.
1:35 of 2nd period - Shot Misses the Net.
2:36 of 2nd period - Wrist shot by Boone Jenner.
2:36 of 2nd period - Stopped by Darcy Kuemper with a rebound.
2:54 of 2nd period - Snap shot by Josh Bailey.
2:54 of 2nd period - Shot Blocked by Tomas Tatar.
3:02 of 2nd period - Wrist shot by Boone Jenner.
3:02 of 2nd period - Shot Misses the Net.
3:44 of 2nd period - Slapshot by Tomas Tatar.
3:44 of 2nd period - Shot Misses the Net.
3:46 of 2nd period - Snap shot by Vincent Trocheck.
3:46 of 2nd period - Stopped by Elvis Merzlikins with a rebound.
3:48 of 2nd period - Snap shot by Mark Mancari.
3:48 of 2nd period - Stopped by Elvis Merzlikins without a rebound.
3:49 of 2nd period - Miro Aaltonen wins face-off versus Jonathan Marchessault in Knights zone.
4:10 of 2nd period - Minor Penalty to Daniel Carr for Slashing.
4:11 of 2nd period - Dmitrij Jaskin wins face-off versus Miro Aaltonen in Sewer Rats zone.
4:26 of 2nd period - Slapshot by Erik Condra.
4:26 of 2nd period - Stopped by Elvis Merzlikins with a rebound.
6:10 of 2nd period - Penalty to Daniel Carr is over, Daniel Carr is back on ice.
6:23 of 2nd period - Nathan Walker is hit by Dmitrij Jaskin and loses puck.
7:18 of 2nd period - Nikolaj Ehlers is hit by Joseph Blandisi.
9:12 of 2nd period - Jonathan Marchessault is hit by Vince Hinostroza and loses puck.
9:25 of 2nd period - Michael Matheson is hit by Joel Edmundson and loses puck.
10:27 of 2nd period - Jarred Tinordi is hit by Linden Vey and loses puck.
11:30 of 2nd period - Nikolay Goldobin is hit by Jared McCann and loses puck.
16:10 of 2nd period - Miro Aaltonen is hit by Vincent Trocheck and loses puck.
16:58 of 2nd period - Joel Edmundson is hit by Brendan Gaunce and loses puck.
17:16 of 2nd period - Wrist shot by Martin Frk.
17:16 of 2nd period - Shot Misses the Net.
17:53 of 2nd period - Stefan Elliott is hit by Nathan Walker and loses puck.
18:59 of 2nd period - Steven Kampfer is hit by Jonathan Huberdeau and loses puck.
19:08 of 2nd period - Mark Mancari is hit by Collin Miller and loses puck.
19:21 of 2nd period - Tomas Tatar is hit by Jonathan Huberdeau and loses puck.
19:29 of 2nd period - Slapshot by Josh Bailey.
19:29 of 2nd period - Stopped by Darcy Kuemper with a rebound.
19:37 of 2nd period - Jonathan Huberdeau is hit by Tomas Tatar.
Goals for this period are 0 for Knights vs 0 for Sewer Rats.
Shots for this period are 2 for Knights vs 8 for Sewer Rats.
3rd period
0:01 of 3rd period - Jonathan Huberdeau wins face-off versus Jonathan Marchessault in neutral zone.
0:51 of 3rd period - Steven Kampfer is hit by Vince Hinostroza.
1:00 of 3rd period - Icing by Jarred Tinordi.
1:01 of 3rd period - Boone Jenner wins face-off versus Nick Cousins in Sewer Rats zone.
1:24 of 3rd period - Wrist shot by Martin Frk.
1:24 of 3rd period - Shot Misses the Net.
1:52 of 3rd period - Slapshot by Jonathan Huberdeau.
1:52 of 3rd period - Stopped by Darcy Kuemper with a rebound.
1:58 of 3rd period - Ludwig Bystrom is hit by Jarred Tinordi and loses puck.
2:24 of 3rd period - Off-side.
2:25 of 3rd period - Miro Aaltonen wins face-off versus Jonathan Marchessault in neutral zone.
2:40 of 3rd period - Slapshot by Stefan Elliott.
2:40 of 3rd period - Deflect By Jaccob Slavin.
2:40 of 3rd period - Stopped by Elvis Merzlikins with a rebound.
3:05 of 3rd period - Icing by Jared McCann.
3:06 of 3rd period - Brendan Gaunce wins face-off versus Michael Dal Colle in Sewer Rats zone.
4:11 of 3rd period - Snap shot by Dmitrij Jaskin.
4:11 of 3rd period - Goal by Dmitrij Jaskin - Knights : 2 - Sewer Rats : 2.
4:12 of 3rd period - Mark Mancari wins face-off versus Miro Aaltonen in neutral zone.
4:44 of 3rd period - Jordan Martinook is hit by Erik Condra.
4:48 of 3rd period - Michael Matheson is hit by Erik Condra and loses puck.
5:09 of 3rd period - Wrist shot by Josh Bailey.
5:09 of 3rd period - Shot Misses the Net.
5:27 of 3rd period - Wrist shot by Miro Aaltonen.
5:27 of 3rd period - Shot Misses the Net.
5:29 of 3rd period - Slapshot by Linden Vey.
5:29 of 3rd period - Stopped by Darcy Kuemper without a rebound.
5:30 of 3rd period - Boone Jenner wins face-off versus Jonathan Marchessault in Sewer Rats zone.
5:55 of 3rd period - Jaccob Slavin is hit by Mark Mancari and loses puck.
6:36 of 3rd period - Slapshot by Ludwig Bystrom.
6:36 of 3rd period - Deflect By Nikolay Goldobin.
6:36 of 3rd period - Shot Misses the Net.
6:36 of 3rd period - Puck is out of play.
6:37 of 3rd period - Jared McCann wins face-off versus Nicolas Petan in Sewer Rats zone.
6:42 of 3rd period - Slapshot by Stefan Elliott.
6:42 of 3rd period - Deflect By Jared McCann.
6:42 of 3rd period - Shot Blocked by Nathan Walker.
6:42 of 3rd period - Puck is out of play.
6:43 of 3rd period - Nicolas Petan wins face-off versus Vincent Trocheck in Knights zone.
6:54 of 3rd period - Snap shot by Nathan Walker.
6:54 of 3rd period - Shot Misses the Net.
6:56 of 3rd period - Slapshot by Jaccob Slavin.
6:56 of 3rd period - Shot Misses the Net.
6:58 of 3rd period - Snap shot by Nicolas Petan.
6:58 of 3rd period - Knights goal is going for a video replay.
6:58 of 3rd period - The goal is good.
6:58 of 3rd period - Goal by Nicolas Petan - Knights : 3 - Sewer Rats : 2.
6:59 of 3rd period - Jonathan Marchessault wins face-off versus Boone Jenner in neutral zone.
7:04 of 3rd period - Slapshot by Jarred Tinordi.
7:04 of 3rd period - Shot Blocked by Tomas Kundratek.
7:06 of 3rd period - Slapshot by Erik Condra.
7:06 of 3rd period - Shot Blocked by Tomas Kundratek.
7:08 of 3rd period - Slapshot by Steven Kampfer.
7:08 of 3rd period - Shot Misses the Net.
7:24 of 3rd period - Jarred Tinordi is hit by Linden Vey and loses puck.
7:52 of 3rd period - Minor Penalty to Martin Frk for Holding.
7:53 of 3rd period - Boone Jenner wins face-off versus Mark Mancari in Sewer Rats zone.
7:57 of 3rd period - Wrist shot by Jonathan Huberdeau.
7:57 of 3rd period - Stopped by Darcy Kuemper with a rebound.
7:59 of 3rd period - Wrist shot by Boone Jenner.
7:59 of 3rd period - Shot Misses the Net.
8:01 of 3rd period - Wrist shot by Jonathan Huberdeau.
8:01 of 3rd period - Shot Misses the Net.
8:03 of 3rd period - Wrist shot by Josh Bailey.
8:03 of 3rd period - Goal by Josh Bailey - Knights : 4 - Sewer Rats : 2.
8:03 of 3rd period - Marek Mazanek enters game.
8:04 of 3rd period - Jonathan Marchessault wins face-off versus Boone Jenner in neutral zone.
8:15 of 3rd period - Slapshot by Daniel Carr.
8:15 of 3rd period - Stopped by Elvis Merzlikins without a rebound.
8:16 of 3rd period - Miro Aaltonen wins face-off versus Vincent Trocheck in Knights zone.
8:49 of 3rd period - Snap shot by Jonathan Marchessault.
8:49 of 3rd period - Deflect By Daniel Carr.
8:49 of 3rd period - Stopped by Elvis Merzlikins with a rebound.
8:51 of 3rd period - Wrist shot by Daniel Carr.
8:51 of 3rd period - Stopped by Elvis Merzlikins with a rebound.
9:05 of 3rd period - Wrist shot by Brendan Gaunce.
9:05 of 3rd period - Stopped by Marek Mazanek with a rebound.
9:09 of 3rd period - Snap shot by Brendan Gaunce.
9:09 of 3rd period - Stopped by Marek Mazanek with a rebound.
9:11 of 3rd period - Slapshot by Jordan Martinook.
9:11 of 3rd period - Shot Misses the Net.
9:48 of 3rd period - Snap shot by Dmitrij Jaskin.
9:48 of 3rd period - Stopped by Elvis Merzlikins without a rebound.
9:49 of 3rd period - Jonathan Marchessault wins face-off versus Boone Jenner in Knights zone.
9:52 of 3rd period - Wrist shot by Erik Condra.
9:52 of 3rd period - Stopped by Elvis Merzlikins with a rebound.
9:56 of 3rd period - Wrist shot by Daniel Carr.
9:56 of 3rd period - Stopped by Elvis Merzlikins with a rebound.
9:58 of 3rd period - Snap shot by Jarred Tinordi.
9:58 of 3rd period - Stopped by Elvis Merzlikins with a rebound.
10:00 of 3rd period - Snap shot by Jonathan Marchessault.
10:00 of 3rd period - Stopped by Elvis Merzlikins with a rebound.
10:02 of 3rd period - Slapshot by Daniel Carr.
10:02 of 3rd period - Goal by Daniel Carr - Knights : 4 - Sewer Rats : 3.
10:03 of 3rd period - Boone Jenner wins face-off versus Vincent Trocheck in neutral zone.
11:13 of 3rd period - Wrist shot by Nathan Walker.
11:13 of 3rd period - Goal by Nathan Walker - Knights : 5 - Sewer Rats : 3.
11:14 of 3rd period - Vincent Trocheck wins face-off versus Jonathan Huberdeau in neutral zone.
11:16 of 3rd period - Minor Penalty to Vincent Trocheck for Holding.
11:17 of 3rd period - Mark Mancari wins face-off versus Jonathan Huberdeau in Sewer Rats zone.
13:16 of 3rd period - Penalty to Vincent Trocheck is over, Vincent Trocheck is back on ice.
13:20 of 3rd period - Daniel Carr is hit by Nikolay Goldobin and loses puck.
13:31 of 3rd period - Snap shot by Nathan Walker.
13:31 of 3rd period - Shot Misses the Net.
13:33 of 3rd period - Slapshot by Ludwig Bystrom.
13:33 of 3rd period - Shot Blocked by Joel Edmundson.
13:49 of 3rd period - Slapshot by Nick Cousins.
13:49 of 3rd period - Goal by Nick Cousins - Knights : 5 - Sewer Rats : 4.
13:50 of 3rd period - Boone Jenner wins face-off versus Nick Cousins in neutral zone.
13:52 of 3rd period - Minor Penalty to Jonathan Huberdeau for Hooking.
13:53 of 3rd period - Miro Aaltonen wins face-off versus Tomas Tatar in Knights zone.
15:52 of 3rd period - Penalty to Jonathan Huberdeau is over, Jonathan Huberdeau is back on ice.
15:56 of 3rd period - Wrist shot by Jonathan Huberdeau.
15:56 of 3rd period - Deflect By Brendan Gaunce.
15:56 of 3rd period - Shot Misses the Net.
15:56 of 3rd period - Puck is out of play.
15:57 of 3rd period - Jonathan Huberdeau wins face-off versus Jonathan Marchessault in Sewer Rats zone.
16:02 of 3rd period - Slapshot by Josh Bailey.
16:02 of 3rd period - Stopped by Marek Mazanek with a rebound.
16:04 of 3rd period - Slapshot by Jonathan Huberdeau.
16:04 of 3rd period - Shot Misses the Net.
16:06 of 3rd period - Snap shot by Josh Bailey.
16:06 of 3rd period - Shot Misses the Net.
16:29 of 3rd period - Off-side.
16:30 of 3rd period - Nicolas Petan wins face-off versus Vincent Trocheck in neutral zone.
16:33 of 3rd period - John Ramage is hit by Nikolay Goldobin and loses puck.
16:56 of 3rd period - Michael Matheson is hit by Martin Frk and loses puck.
17:05 of 3rd period - Snap shot by Nick Cousins.
17:05 of 3rd period - Shot Misses the Net.
17:07 of 3rd period - Slapshot by Joel Edmundson.
17:07 of 3rd period - Stopped by Elvis Merzlikins with a rebound.
17:29 of 3rd period - Snap shot by Boone Jenner.
17:29 of 3rd period - Goal by Boone Jenner - Knights : 6 - Sewer Rats : 4.
17:30 of 3rd period - Brendan Gaunce wins face-off versus Vincent Trocheck in neutral zone.
17:33 of 3rd period - Snap shot by Jordan Martinook.
17:33 of 3rd period - Shot Blocked by Jarred Tinordi.
18:00 of 3rd period - Slapshot by Ludwig Bystrom.
18:00 of 3rd period - Stopped by Marek Mazanek with a rebound.
18:02 of 3rd period - Minor Penalty to Jonathan Marchessault for Elbowing.
18:03 of 3rd period - Mark Mancari wins face-off versus Boone Jenner in Sewer Rats zone.
18:50 of 3rd period - Slapshot by Vincent Trocheck.
18:50 of 3rd period - Stopped by Elvis Merzlikins with a rebound.
19:12 of 3rd period - Tomas Tatar is hit by Miro Aaltonen and loses puck.
19:35 of 3rd period - Dmitrij Jaskin is hit by Boone Jenner and loses puck.
Goals for this period are 4 for Knights vs 3 for Sewer Rats.
Shots for this period are 11 for Knights vs 14 for Sewer Rats.
Back to the Top